 Dungeon Crawl Stone Soup version 0.30-a0-715-gdb4ae3ece1 (webtiles) character file.

Game seed: 3733258704310821293

79 rogsnak the Magician (level 4, -2/32 HPs)
             Began as a Gnoll Hedge Wizard on Jan 24, 2023.
             Slain by a gnoll
             ... wielding a +0 flail
              (9 damage)
             ... on level 3 of the Dungeon.
             The game lasted 00:04:38 (2198 turns).

rogsnak the Magician (Gnoll Hedge Wizard)           Turns: 2198, Time: 00:04:39

Health: -2/32      AC:  2    Str:  9    XL:     4   Next: 38%
Magic:  4/13       EV: 13    Int: 21    God:
Gold:   140        SH:  0    Dex: 12    Spells: 11/17 levels left

rFire   . . .      SeeInvis +    w - +0 quarterstaff
rCold   . . .      Faith    .    (shield currently unavailable)
rNeg    . . .      Spirit   .    b - +0 robe
rPois   .          Reflect  .    c - +0 hat
rElec   .          Harm     .    (no cloak)
rCorr   .          Rampage  .    (no gloves)
Will    .....                    (no boots)
Stlth   ++                       (no amulet)
HPRegen 0.25/turn                h - +6 ring of intelligence
MPRegen 0.13/turn                m - ring of see invisible

@: lethally poisoned (-2 -> -6)
A: fangs 1, strong nose, distributed training
a: no special abilities


You were on level 3 of the Dungeon.
You visited 1 branch of the dungeon, and saw 4 of its levels.

You collected 140 gold pieces.

Inventory:

Hand Weapons
 a - a +0 dagger
 p - a +0 short sword
 w - a +0 quarterstaff (weapon)
Missiles
 n - 3 poisoned darts
 z - 6 curare-tipped darts
Armour
 b - a +0 robe (worn)
 c - a +0 hat (worn)
 y - the +0 leather armour of Paranoia {Rampage Str+3 Stlth-}
   (You found it on level 4 of the Dungeon)

   Str:       It affects your strength (+3).
   Rampage:   It bestows one free step when moving towards enemies.
   Stlth:     It makes you less stealthy.
Jewellery
 h - a +6 ring of intelligence (left hand)
 m - a ring of see invisible (right hand)
 v - an amulet of faith
Scrolls
 g - a scroll of magic mapping {unknown}
 j - 8 scrolls of identify {unknown}
 k - 3 scrolls of enchant weapon {unknown}
 l - a scroll of acquirement {unknown}
 t - a scroll of fog {unknown}
 u - a scroll of teleportation {unknown}
 x - a scroll of noise {unknown}
Potions
 d - a potion of magic
 e - a potion of ambrosia {unknown}
 f - 3 potions of degeneration {unknown}
 i - 5 potions of curing {unknown}
 o - a potion of attraction {unknown}
 q - 2 potions of haste {unknown}
 r - a potion of lignification {unknown}
 s - a potion of heal wounds {unknown}


   Skills:
 + Level 1.2 Fighting
 + Level 1.2 Short Blades
 + Level 1.2 Long Blades
 + Level 1.2 Axes
 + Level 1.2 Maces & Flails
 + Level 1.2 Polearms
 + Level 1.2 Staves
 + Level 1.2 Ranged Weapons
 + Level 1.2 Throwing
 + Level 1.2 Armour
 + Level 4.6 Dodging
 + Level 4.3 Stealth
 + Level 1.2 Shields
 + Level 1.2 Unarmed Combat
 + Level 7.2 Spellcasting
 + Level 2.2 Conjurations
 + Level 1.0 Hexes
 + Level 2.2 Summonings
 + Level 1.0 Necromancy
 + Level 2.2 Translocations
 + Level 1.0 Transmutations
 + Level 1.0 Fire Magic
 + Level 1.0 Ice Magic
 + Level 1.0 Air Magic
 + Level 1.0 Earth Magic
 + Level 1.0 Poison Magic
 + Level 1.3 Invocations
 + Level 1.2 Evocations


You had 11 spell levels left.
You knew the following spells:

 Your Spells              Type           Power      Damage    Failure   Level
a - Magic Dart            Conj           68%        1d6       3%          1
b - Blink                 Tloc           34%        N/A       4%          2
c - Mephitic Cloud        Conj/Pois/Air  13%        N/A       14%         3

Your spell library contained the following spells:

 Spells                   Type           Power      Damage    Failure   Level
 Call Imp                 Summ           17%        N/A       4%          2
 Slow                     Hex            44%        N/A       6%          1
 Cigotuvi's Dreadful Rot  Necr/Pois/Air  22%        N/A       9%          2
 Ozocubu's Armour         Ice            11%        N/A       17%         3
 Ozocubu's Refrigeration  Ice            5%         4d8       100%        7


Dungeon Overview and Level Annotations

Branches:
Dungeon (4/15)
 Temple: D:4-7

Altars:


Innate Abilities, Weirdness & Mutations

You have very sharp teeth.
Your uncanny sense of smell can sniff out nearby items.
Your experience applies equally to all skills.


Message History

The orc appears confused.
The orc barely misses you.
Unknown command.
Unknown command.
You catch the helpless orc completely off-guard!
You hit the orc.
The orc is almost dead.
You feel very sick.
The orc barely misses the hobgoblin.
The orc hits itself with a +2 dagger of venom.
The orc is killed!
Your Hexes skill increases to level 1!
Your Necromancy skill increases to level 1!
Your Transmutations skill increases to level 1!
Your Fire Magic skill increases to level 1!
Your Ice Magic skill increases to level 1!
Your Air Magic skill increases to level 1!
Your Earth Magic skill increases to level 1!
Your Poison Magic skill increases to level 1!
Unknown command.
Casting: Magic Dart (safe; 3% risk of failure)
Confirm with . or Enter, or press ? or * to list all spells.
You don't know that spell.
Casting: Magic Dart (safe; 3% risk of failure)
Confirm with . or Enter, or press ? or * to list all spells.
Aiming: Magic Dart (safe; 3% risk of failure)
Press: ? - help, Shift-Dir - straight line, f/p - gnoll
Aim: a gnoll, wielding a +0 flail and quivering a throwing net (moderately wounded, 100% to hit)
The magic dart hits the hobgoblin.
You kill the hobgoblin!
You feel sick.
Unknown command.
Casting: Magic Dart (safe; 3% risk of failure)
Confirm with . or Enter, or press ? or * to list all spells.
Aiming: Magic Dart (safe; 3% risk of failure)
Press: ? - help, Shift-Dir - straight line, f/p - gnoll
Aim: a gnoll, wielding a +0 flail and quivering a throwing net (moderately wounded, 100% to hit)
The magic dart hits the gnoll but does no damage.
The gnoll is moderately wounded.
You feel sick. The gnoll hits you with a +0 flail!
You die...

###..#..#.## ###..
#..##.#..#.##∆ #..##
###..##.#..#.#####..#
#..#####.#..#.##..###
###..#.†##.#..#.##..#
#..###...##.#..#..###
###..#..#..##.#.....#
#..###g##...##.#..###
###..#.@#..#..##.#..#
#..###.##.##...##..##
#...'..#).#..#).##.+
##.#################
## .... #. ##... ..
#...† ........ ...
..... ....... ...
###.... #.....# ...


You could see a gnoll.

Vanquished Creatures
  3 adders (D:3)
  A worm (D:3)
  2 orcs (D:3)
  9 bats
  3 endoplasms
  4 goblins (D:1)
  6 hobgoblins
  4 quokkas
  4 ball pythons
  4 frilled lizards
  3 kobolds
  3 rats
46 creatures vanquished.

Notes
Turn   | Place    | Note
-------+----------+-------------------------------------------
     0 | D:1      | rogsnak the Gnoll Hedge Wizard began the quest for the Orb.
     0 | D:1      | Reached XP level 1. HP: 13/13 MP: 8/8
   239 | D:1      | Reached XP level 2. HP: 19/19 MP: 7/10
   890 | D:3      | Reached XP level 3. HP: 25/25 MP: 6/11
   897 | D:3      | Reached skill level 1 in Invocations
  1570 | D:4      | Reached skill level 1 in Fighting
  1570 | D:4      | Reached skill level 1 in Short Blades
  1570 | D:4      | Reached skill level 1 in Long Blades
  1570 | D:4      | Reached skill level 1 in Axes
  1570 | D:4      | Reached skill level 1 in Maces & Flails
  1570 | D:4      | Reached skill level 1 in Polearms
  1570 | D:4      | Reached skill level 1 in Staves
  1570 | D:4      | Reached skill level 1 in Ranged Weapons
  1570 | D:4      | Reached skill level 1 in Throwing
  1570 | D:4      | Reached skill level 1 in Armour
  1570 | D:4      | Reached skill level 1 in Shields
  1570 | D:4      | Reached skill level 1 in Unarmed Combat
  1570 | D:4      | Reached skill level 1 in Evocations
  1577 | D:4      | Learned a level 2 spell: Blink
  1581 | D:4      | Learned a level 3 spell: Mephitic Cloud
  1587 | D:4      | Identified the +0 leather armour of Paranoia {Rampage Str+3
                  | Stlth-}
  1899 | D:3      | Reached XP level 4. HP: 20/32 MP: 4/13
  2197 | D:3      | Reached skill level 1 in Hexes
  2197 | D:3      | Reached skill level 1 in Necromancy
  2197 | D:3      | Reached skill level 1 in Transmutations
  2197 | D:3      | Reached skill level 1 in Fire Magic
  2197 | D:3      | Reached skill level 1 in Ice Magic
  2197 | D:3      | Reached skill level 1 in Air Magic
  2197 | D:3      | Reached skill level 1 in Earth Magic
  2197 | D:3      | Reached skill level 1 in Poison Magic
  2198 | D:3      | Slain by a gnoll

Illustrated notes

Levels and vault maps discovered:
D:1:      onia_arrival_pyramid, layout_basic, minmay_pentomino_v4
D:2:      layout_basic, nicolae_elevator_lobby_asterisk
D:3:      minmay_razor_zed, layout_rooms, corexii_item_surrounded_by_moat,
          minmay_starry_boxes
D:4:      layout_cave_pools, mainiacjoe_overflow_big_doors

Skill      XL: |  1  2  3  4 |
---------------+-------------+-----
Conjurations   | 2 |  2.2
Summonings     | 2 |  2.2
Translocations | 2 |  2.2
Invocations    | 1 |  1.3
Fighting       | 1 |  1.2
Short Blades   | 1 |  1.2
Long Blades    | 1 |  1.2
Axes           | 1 |  1.2
Maces & Flails | 1 |  1.2
Polearms       | 1 |  1.2
Staves         | 1 |  1.2
Ranged Weapons | 1 |  1.2
Throwing       | 1 |  1.2
Armour         | 1 |  1.2
Shields        | 1 |  1.2
Unarmed Combat | 1 |  1.2
Evocations     | 1 |  1.2
Hexes          | 1 |  1.0
Necromancy     | 1 |  1.0
Transmutations | 1 |  1.0
Fire Magic     | 1 |  1.0
Ice Magic      | 1 |  1.0
Air Magic      | 1 |  1.0
Earth Magic    | 1 |  1.0
Poison Magic   | 1 |  1.0
Dodging        | |  4.6
Stealth        | |  4.3
Spellcasting   | |  7.2

Action                     |  1- 3 |  4- 6 || total
---------------------------+-------+-------++-------
  Melee: Dagger            |     5 |       ||     5
         Quarterstaff      |     2 |     3 ||     5
   Cast: Magic Dart        |    81 |    18 ||    99
         Blink             |     8 |     2 ||    10
         Mephitic Cloud    |       |     1 ||     1
   Stab: Confused          |       |     1 ||     1
 Armour: Robe              |     1 |     2 ||     3
  Dodge: Dodged            |    14 |    13 ||    27

Table legend: (Time is in decaauts)
 A = Elapsed time spent in this place.
 B = Non-inter-level travel time spent in this place.
 C = Inter-level travel time spent in this place.
 D = Time resting spent in this place.
 E = Time spent auto-exploring this place.
 F = Levels seen in this place.
 G = Mean time per level.
                   A        B        C        D        E       F      G
               +--------+--------+--------+--------+--------+-----+--------+
         Total |   2198 |   2150 |     48 |    283 |   1402 |   4 |  549.5 |
       Dungeon |   2198 |   2150 |     48 |    283 |   1402 |   4 |  549.5 |
               +--------+--------+--------+--------+--------+-----+--------+

Top non-repeatable levels by time:
     D:1: 839 daAuts
     D:2: 664 daAuts
     D:3: 639 daAuts
     D:4: 54 daAuts
